 Seeded DCSS version 0.29.1-15-g9cfb28693d (webtiles) character file.

Game seed: 13702346629112536692 (custom seed)

114 Darius099 the Ruffian (level 4, 0/44 HPs)
             Began as a Troll Monk on Mar 7, 2023.
             Slain by a kobold brigand
             ... wielding a +2 dagger of venom
              (10 damage)
             ... on level 3 of the Dungeon.
             The game lasted 00:07:41 (1841 turns).

Darius099 the Ruffian (Troll Monk)                  Turns: 1841, Time: 00:07:41

Health: 0/44       AC:  4    Str: 19    XL:     4   Next: 67%
Magic:  3/3        EV: 10    Int:  6    God:
Gold:   107        SH:  0    Dex: 14    Spells: 3/3 levels left

rFire   . . .      SeeInvis .     - Unarmed
rCold   . . .      Faith    .   (no shield)
rNeg    . . .      Spirit   .   f - +0 robe
rPois   .          Reflect  .   (helmet restricted)
rElec   .          Harm     .   (no cloak)
rCorr   +          Rampage  .   (gloves unavailable)
Will    .....                   (boots unavailable)
Stlth   ++........              (no amulet)
HPRegen 0.94/turn               g - ring of resist corrosion
MPRegen 0.08/turn               (no ring)

@: lethally poisoned (0 -> -15), attractive
A: large, unfitting armour, claws 3, regeneration 1, shaggy fur 1, tough skin 1
a: no special abilities


You were on level 3 of the Dungeon.
You visited 1 branch of the dungeon, and saw 3 of its levels.

You collected 107 gold pieces.

Inventory:

Armour
 f - a +0 robe (worn)
Jewellery
 g - a ring of resist corrosion (left claw)
 h - a ring of fire
Wands
 r - a wand of flame (16)
Scrolls
 a - 2 scrolls of noise {unknown}
 c - a scroll of amnesia {unknown}
 e - 2 scrolls of teleportation {unknown}
 i - a scroll of fog {unknown}
 j - a scroll of torment {unknown}
 l - 2 scrolls of fear {unknown}
 n - 2 scrolls of identify {unknown}
 s - a scroll of enchant weapon {unknown}
 t - a scroll of silence {unknown}
Potions
 b - 3 potions of ambrosia
 d - a potion of attraction
 k - 2 potions of heal wounds
 m - a potion of brilliance {unknown}
 o - a potion of berserk rage {unknown}
 p - a potion of curing {unknown}
 q - a potion of mutation {unknown}


   Skills:
 - Level 2.5 Fighting
 - Level 2.5 Dodging
 - Level 1.1 Stealth
 + Level 5.2 Unarmed Combat


You had 3 spell levels left.
You didn't know any spells.
Your spell library contained the following spells:

 Spells                   Type           Power      Damage    Failure   Level
 Scorch                   Fire           0%         2d5       58%         2
 Static Discharge         Conj/Air       0%         3-3/arc   58%         2
 Flame Wave               Conj/Fire      0%         2d4       99%         4
 Lightning Bolt           Conj/Air       0%         1d11      100%        5
 Summon Cactus Giant      Summ           0%         N/A       100%        6
 Maxwell's Capacitive Co  Air            0%         ∞         100%        8


Dungeon Overview and Level Annotations

Branches:
Dungeon (3/15)

Altars:
Sif Muna

Shops:
D:1 !

Annotations:
D:3 UCchamp's ghost, amateur MeFi


Innate Abilities, Weirdness & Mutations

You are too large for most types of armour.
You have claws for hands.
Your natural rate of healing is unusually fast.
You are covered in fur. (AC +1)
You have tough skin. (AC +1)


Message History

You barely miss the kobold.
You feel sick. The kobold barely misses you.
You closely miss the kobold.
You feel sick.
You claw the kobold!
You kill the kobold!
You feel sick.
You scratch the kobold brigand.
The kobold brigand is lightly wounded.
You feel sick. The kobold brigand closely misses you.
UCchamp's ghost whispers, "There is no future for you."
You scratch the kobold brigand.
The kobold brigand is moderately wounded.
The kobold brigand hits you with a +2 dagger of venom.
You are more poisoned.
UCchamp's ghost screams, "You must not fail where I succeeded!"
You miss the kobold brigand. Your claw misses the kobold brigand.
The kobold brigand is moderately wounded.
You feel very sick.
The kobold brigand hits you with a +2 dagger of venom!
You are more poisoned.
You closely miss the kobold brigand.
The kobold brigand is lightly wounded.
You feel very sick.
The kobold brigand hits you with a +2 dagger of venom.
You are lethally poisoned!
You are too injured to fight recklessly!
You are too injured to fight recklessly!
It was a potion of heal wounds.
You feel much better.
You feel very sick.
The kobold brigand hits you with a +2 dagger of venom!
You are lethally poisoned!
It was a potion of attraction.
You feel attractive to monsters.
You feel extremely sick. The kobold brigand closely misses you.
You closely miss the kobold brigand.
The kobold brigand is lightly wounded.
* * * LOW HITPOINT WARNING * * *
You feel very sick.
The kobold brigand hits you with a +2 dagger of venom!
You die...

##### #...# #####
########.#.###...#
#........#.....#.#
#....###.####....# ########
#.............K###########.......
.....##'''##..KK@................
....##.....#########.######.####.
..#.#..#.#..#.######.# #.#....
....#8K#.#.8#.......># #.#....
###.#..#.#..#.######.# #.#....
#.##.....#########.######.#..._
#..##)).##......(.........#....
###.#### #########.######.#....
#.# ####.# #.# #...#....


You could see a kobold brigand and 2 kobolds.

Vanquished Creatures
  An orc wizard (D:3)
  3 adders
  2 worms (D:2)
  A dart slug (D:1)
  4 orcs (D:3)
  A bat (D:3)
  8 endoplasms
  2 giant cockroaches (D:1)
  A goblin (D:1)
  4 hobgoblins
  3 jackals (D:1)
  2 quokkas
  4 ball pythons (D:3)
  3 frilled lizards
  7 kobolds
  4 rats
50 creatures vanquished.

Vanquished Creatures (others)
  A demonic plant (D:1)
  3 fungi (D:3)
  A plant (D:3)
5 creatures vanquished.

Grand Total: 55 creatures vanquished

Notes
Turn   | Place    | Note
-------+----------+-------------------------------------------
     0 | D:1      | Darius099 the Troll Monk began the quest for the Orb.
     0 | D:1      | Reached XP level 1. HP: 22/22 MP: 0/0
    44 | D:1      | Found Ijesse's Distillery.
   165 | D:1      | Reached XP level 2. HP: 29/29 MP: 1/1
   192 | D:1      | Found a faded altar of an unknown god.
   192 | D:1      | Noticed an ice devil
   604 | D:2      | Reached XP level 3. HP: 32/36 MP: 2/2
   623 | D:2      | Reached skill level 4 in Unarmed Combat
   652 | D:2      | Identified the +4 scale mail of the Tundras {Int+3}
   972 | D:3      | Reached XP level 4. HP: 42/44 MP: 3/3
  1147 | D:3      | Found a runed translucent gate.
  1154 | D:3      | Found a runed translucent gate.
  1155 | D:3      | Found a runed translucent gate.
  1156 | D:3      | Noticed a kobold brigand
  1156 | D:3      | Noticed UCchamp's ghost (amateur MeFi)
  1250 | D:3      | Reached skill level 5 in Unarmed Combat
  1270 | D:3      | Found a shimmering blue altar of Sif Muna.
  1841 | D:3      | Slain by a kobold brigand

Illustrated notes

Levels and vault maps discovered:
D:1:      dpeg_arrival_three_same_balls, layout_rooms, serial_shops,
          nicolae_square_shop, dreamdust_ecumenical_altar_sealed_demon,
          minmay_misc_feat_secret_circle
D:2:      layout_rooms
D:3:      layout_basic, lemuel_tele_altar, gammafunk_ghost_nasty_kobolds

Skill      XL: |  1  2  3  4 |
---------------+-------------+-----
Unarmed Combat | 4 5 |  5.2
Fighting       | |  2.5
Dodging        | |  2.5
Stealth        | |  1.1

Action                   |  1- 3 |  4- 6 || total
-------------------------+-------+-------++-------
Melee: Unarmed           |    71 |    55 ||   126
       Punch             |     1 |       ||     1
  Use: Potion            |       |     2 ||     2
 Stab: Sleeping          |     3 |     3 ||     6
Armor: Robe              |    13 |    13 ||    26
Dodge: Dodged            |    20 |    20 ||    40
